 Dungeon Crawl Stone Soup version 0.21-a0-349-g0c35859 (webtiles) character file.

15 tidbits the Magician (level 2, 3/23 HPs)
             Began as a Gnoll Wanderer on Oct 8, 2017.
             Quit the game on level 1 of the Dungeon.
             The game lasted 00:02:35 (383 turns).

tidbits the Magician (Gnoll Wanderer)                Turns: 383, Time: 00:02:36

Health: 3/23       AC:  2    Str: 14    XL:     2   Next: 50%
Magic:  3/10       EV: 11    Int: 14    God:
Gold:   29         SH:  0    Dex: 14    Spells: 13/15 levels left

rFire    . . .     SeeInvis .   d - +0 club
rCold    . . .     Gourm    .   (no shield)
rNeg     . . .     Faith    .   c - +0 robe
rPois    .         Spirit   .   (no helmet)
rElec    .         Reflect  .   (no cloak)
rCorr    .         Harm     .   (no gloves)
MR       .....                  (no boots)
Stlth    +++.......             (no amulet)
HPRegen  0.07/turn              (no ring)
MPRegen  0.12/turn              (no ring)

@: no status effects
A: distributed training, fangs 1, strong nose
a: no special abilities


You were on level 1 of the Dungeon.
You were not hungry.

You visited 1 branch of the dungeon, and saw 1 of its levels.

You collected 29 gold pieces.

Inventory:

Hand Weapons
 d - a +0 club (weapon)
 e - a +0 dagger
Missiles
 g - 44 stones (quivered)
 n - 30 arrows
Armour
 c - a +0 robe (worn)
Scrolls
 j - a scroll of noise {unknown}
Potions
 i - a potion of lignification {unknown}
 l - a potion of agility {unknown}
 m - a potion of flight {unknown}
Books
 a - a book of Minor Magic

   Spells                             Type                      Level
   a - Magic Dart                     Conjuration                  1
   b - Blink                          Translocation                2
   c - Call Imp                       Summoning                    2
   d - Slow                           Hexes                        2
   e - Conjure Flame                  Conjuration/Fire             3
   f - Mephitic Cloud                 Conjuration/Poison/Air       3
 b - the Handbook of Evolution

   Spells                             Type                      Level
   a - Flame Tongue                   Conjuration/Fire             1
   b - Inner Flame                    Hexes/Fire                   3
Comestibles
 f - a bread ration
 h - 2 fruits
 k - a chunk of flesh


   Skills:
 + Level 2.5 Fighting
 + Level 0.4 Short Blades
 + Level 0.4 Long Blades
 + Level 0.4 Axes
 + Level 0.4 Maces & Flails
 + Level 0.4 Polearms
 + Level 0.4 Staves
 + Level 0.4 Slings
 + Level 0.4 Bows
 + Level 0.4 Crossbows
 + Level 0.4 Throwing
 + Level 4.5 Armour
 + Level 0.4 Dodging
 + Level 4.1 Stealth
 + Level 0.4 Shields
 + Level 0.4 Unarmed Combat
 + Level 7.1 Spellcasting
 + Level 0.4 Conjurations
 + Level 4.5 Hexes
 + Level 0.4 Charms
 + Level 0.4 Summonings
 + Level 0.4 Necromancy
 + Level 0.4 Translocations
 + Level 0.4 Transmutations
 + Level 0.4 Fire Magic
 + Level 0.4 Ice Magic
 + Level 0.4 Air Magic
 + Level 0.4 Earth Magic
 + Level 0.4 Poison Magic
 + Level 0.4 Invocations
 + Level 0.4 Evocations


You had 13 spell levels left.
You knew the following spells:

 Your Spells              Type           Power        Failure   Level  Hunger
a - Slow                  Hex            ###.....     3%          2    #......


Dungeon Overview and Level Annotations

Branches:
Dungeon (1/15)

Altars:


Innate Abilities, Weirdness & Mutations

Your experience applies equally to all skills.
You have very sharp teeth.
Your uncanny sense of smell can sniff out nearby items.


Message History

You closely miss the giant cockroach.
The giant cockroach is heavily wounded.
The giant cockroach bites you.
The giant cockroach bites you but does no damage.
You hit the giant cockroach.
You kill the giant cockroach!
A bat comes into view.
A leopard gecko comes into view.
The leopard gecko hisses angrily.
A hobgoblin comes into view.
Found 23 stones.
Found 16 gold pieces.
A goblin comes into view.
Found 7 gold pieces.
Found a scroll labeled CETOIT SIYTUAL.
A kobold comes into view.
Found a royal jelly.
You see here 7 gold pieces.
You now have 29 gold pieces (gained 7).
The leopard gecko hisses menacingly.
The leopard gecko barely misses you. The bat barely misses you.
Casting: Slow
Confirm with . or Enter, or press ? or * to list all spells.
Aiming: Slow
Press: ? - help, Shift-Dir - straight line, f - leopard gecko
Aim: a leopard gecko (clinging, chance to defeat MR: 71%)
The leopard gecko seems to slow down.
The leopard gecko barely misses you.
You closely miss the leopard gecko. The leopard gecko barely misses you.
You hit the leopard gecko.
The leopard gecko is heavily wounded.
The bat hits you but does no damage.
The leopard gecko bites you but does no damage.
You hit the leopard gecko.
You kill the leopard gecko!
The bat hits you. The bat closely misses you.
Casting: Slow
Confirm with . or Enter, or press ? or * to list all spells.
Aiming: Slow
Press: ? - help, Shift-Dir - straight line, f - bat
Aim: a bat (chance to defeat MR: 71%)
The bat seems to slow down.
The bat misses you. The kobold hits you. The bat barely misses you.
You hit the bat but do no damage. Your bite misses the bat.
The bat completely misses you. The kobold hits you. x2
The goblin shouts!
The bat closely misses you.
Found 9 gold pieces.
You closely miss the bat. The bat misses you. The kobold closely misses you.
The bat hits you but does no damage. The kobold hits you.
* * * LOW HITPOINT WARNING * * *
Casting: Slow
Confirm with . or Enter, or press ? or * to list all spells.
Aiming: Slow
Press: ? - help, Shift-Dir - straight line, f/p - bat
Aim: a bat (slow, chance to defeat MR: 71%)
The bat seems to slow down.
The bat hits you but does no damage. The kobold barely misses you.
The bat hits you.
* * * LOW HITPOINT WARNING * * *
The kobold closely misses you. The bat hits you but does no damage.
The bat barely misses you.
Casting: Slow
Confirm with . or Enter, or press ? or * to list all spells.
Aiming: Slow
Press: ? - help, Shift-Dir - straight line, f/p - bat
Aim: a bat (slow, chance to defeat MR: 71%)
The bat struggles to resist.
The bat hits you but does no damage. The bat hits you.
* * * LOW HITPOINT WARNING * * *
You hit the bat.
The bat is severely wounded.
The bat hits you but does no damage. The goblin hits you.
* * * LOW HITPOINT WARNING * * *
You barely miss the goblin. The goblin hits you.
* * * LOW HITPOINT WARNING * * *
You barely miss the goblin. The goblin barely misses you.
You barely miss the goblin. The goblin barely misses you. x2
You barely miss the goblin. The goblin barely misses you.
You barely miss the goblin. The goblin closely misses you.
You hit the goblin.
You kill the goblin!
The bat closely misses you. The bat misses you.
The kobold completely misses you.
You see here a goblin corpse.
You hit the kobold but do no damage. The kobold misses you.
The bat barely misses you.
You hit the kobold.
You kill the kobold!
The bat misses you.
You closely miss the bat.
The bat is severely wounded.
The bat barely misses you.
You closely miss the bat.
The bat is severely wounded.
The bat hits you but does no damage. The bat hits you.
* * * LOW HITPOINT WARNING * * *
Are you sure you want to abandon this character and quit the game? (Confirm with "yes".)

#. #.# .##.###.# ........
.##...... ........##
.##..$... ........###.#..
# .................
#...#.#@###.#..##
....#.#†###...... .
......b.....#..##%
....?............
#....#.#.##..#..###.
..##....#.#†#..........
...............#.#.#..# ..
............#.......##.
..#..#.....#.....#.#.#....


You could see a bat.

Vanquished Creatures
  An ooze (D:1)
  A leopard gecko (D:1)
  A giant cockroach (D:1)
  2 goblins (D:1)
  2 kobolds (D:1)
  A bat (D:1)
  2 frilled lizards (D:1)
10 creatures vanquished.

Notes
Turn   | Place    | Note
-------+----------+-------------------------------------------
     0 | D:1      | tidbits the Gnoll Wanderer began the quest for the Orb.
     0 | D:1      | tidbits set off with: a book of Minor Magic, the Handbook of Evolution, a +0 robe, a +0 club, a +0 dagger, a bread ration
     0 | D:1      | Reached XP level 1. HP: 17/17 MP: 8/8
     0 | D:1      | Identified the Handbook of Evolution
   192 | D:1      | Reached XP level 2. HP: 18/23 MP: 10/10
   196 | D:1      | Learned a level 2 spell: Slow
   383 | D:1      | Quit the game

Vault maps used:
D:1:      onia_arrival_mini_maze_b, minivault_26, kennysheep_small_spiral,
          glass_columns_b, patterned_corridor

Action                   || total
-------------------------++-------
Melee: Club              ||    45
       Bite              ||     6
 Cast: Slow              ||     9
Armor: Robe              ||    14
Dodge: Dodged            ||    40

Table legend:
 A = Spawn XP
 B = Non-spawn XP
 C = Spawn XP percentage of total XP
 D = Spawn monster count
 E = Non-spawn monster count
 F = Spawn count percentage of total count
 G = Total turns spent on level
                    A         B        C        D         E        F      G
               +---------+---------+-------+---------+---------+-------+---------
         Total |       0 |      22 |   0.0 |       0 |      10 |   0.0 |   383
               +---------+---------+-------+---------+---------+-------+---------
           D:1 |       0 |      22 |   0.0 |       0 |      10 |   0.0 |   383
               +---------+---------+-------+---------+---------+-------+---------

Table legend:
 A = Turns spent in this place as a percentage of turns spent in the entire game.
 B = Non-inter-level travel turns spent in this place as a percentage of non-inter-level travel turns spent in the entire game.
 C = Inter-level travel turns spent in this place as a percentage of turns spent in this place.
 D = Turns resting spent in this place as a percentage of non-inter-level travel turns spent in this place.
 E = Turns spent auto-exploring this place as a percentage of non-inter-level travel turns spent in this place.
 F = Non-inter-level travel turns spent in this place divided by the number of levels of this place that you've seen.
                   A       B       C       D       E      F
               +-------+-------+-------+-------+-------+----------------------
         Total | 100.0 | 100.0 |   2.9 |   0.0 |   0.0 | 372.0
       Dungeon | 100.0 | 100.0 |   2.9 |   0.0 |   0.0 | 372.0
               +-------+-------+-------+-------+-------+----------------------

Table legend:
 A = Kills in this place as a percentage of kills in entire the game.
 B = Kills by you in this place as a percentage of kills by you in the entire game.
 C = Kills by friends in this place as a percentage of kills by friends in the entire game.
 D = Other kills in this place as a percentage of other kills in the entire game.
 E = Experience gained in this place as a percentage of experience gained in the entire game.
 F = Experience gained in this place divided by the number of levels of this place that you have seen.
                   A       B       C       D       E      F
               +-------+-------+-------+-------+-------+----------------------
         Total | 100.0 | 100.0 |   N/A |   N/A | 100.0 |  22.0
       Dungeon | 100.0 | 100.0 |   N/A |   N/A | 100.0 |  22.0
               +-------+-------+-------+-------+-------+----------------------

Vault maps used:
D:1:      onia_arrival_mini_maze_b, minivault_26, kennysheep_small_spiral,
          glass_columns_b, patterned_corridor
